 Dungeon Crawl Stone Soup version 0.17.0-28-g6e173f8 (webtiles) character file.

13364 4thArraOfDagon the Cruncher (level 11, -4/100 HPs)
             Began as a Minotaur Berserker on Nov 22, 2015.
             Was a Priest of Trog.
             Slain by a spiny frog (17 damage)
             ... on level 7 of the Lair of Beasts.
             The game lasted 00:14:10 (2573 turns).

4thArraOfDagon the Cruncher (Minotaur Berserker)    Turns: 2573, Time: 00:14:10

Health: -4/100     AC: 13    Str: 28    XL:     11   Next: 74%
Magic:  14/14      EV: 13    Int:  9    God:    Trog [***...]
Gold:   480        SH:  2    Dex:  9    Spells: 0 memorised, 10 levels left

rFire  . . .     SeeInvis .     d - +5 quarterstaff (chaos)
rCold  + + .     Clarity  .     q - +0 scale mail
rNeg   . . .     SustAt   .     (shield currently unavailable)
rPois  +         Gourm    .     (helmet restricted)
rElec  +         Spirit   .     e - +0 cloak
rCorr  +         Warding  .     b - +0 pair of gloves
rMut   .         Stasis   .     (no boots)
MR     .....                    (no amulet)
Stlth  ..........               h - ring of ice
                                y - ring of loudness

@: mighty, lethally poisoned (-4 -> -13), exhausted, resistant, very slightly
contaminated, slowed, invisible, very slow, not resistant to hostile
enchantments, extremely unstealthy
A: retaliatory headbutt, horns 2, large bone plates 1, clever 1
a: Berserk, Trog's Hand, Burn Spellbooks, Renounce Religion


You were on level 7 of the Lair of Beasts.
You worshipped Trog.
Trog was most pleased with you.
You were hungry.

You visited 2 branches of the dungeon, and saw 18 of its levels.
You also visited: Ice Cave.

You collected 480 gold pieces.

Inventory:

Hand Weapons
 a - a +0 hand axe
 d - a +5 quarterstaff of chaos (weapon)
 J - the +12 mace "Giant's Doom" {venom, Dex+3 SInv, unknown}
   (You found it on level 7 of the Lair of Beasts)

   It poisons the flesh of those it strikes.
   It affects your dexterity (+3).
   It lets you see invisible.
 M - a +1 battleaxe of freezing
Armour
 b - a +0 pair of gloves (worn)
 e - a +0 cloak (worn)
 q - a +0 scale mail (worn)
 N - a +0 large shield of cold resistance
Jewellery
 h - a ring of ice (right hand)
 y - a ring of loudness (left hand)
Wands
 F - a wand of magic darts (20)
 K - a wand of lightning (6)
Scrolls
 g - a scroll of magic mapping {unknown}
 i - 6 scrolls of remove curse
 l - 2 scrolls of teleportation
 n - 2 scrolls of identify
 o - 3 scrolls of immolation {unknown}
 s - 2 scrolls of fear {unknown}
 t - 2 scrolls of amnesia {unknown}
 G - a scroll of enchant weapon
Potions
 u - a potion of beneficial mutation
 v - 3 potions of heal wounds
 A - a potion of magic {unknown}
 C - 3 potions of might
 H - 2 potions of agility
Books
 f - a book of Summonings

   Spells                             Type                      Level
   a - Recall                         Summoning/Translocation      3
   b - Aura of Abjuration             Summoning                    5
   c - Shadow Creatures               Summoning                    5
   d - Summon Demon                   Summoning                    5
   e - Summon Forest                  Summoning/Translocation      5
   f - Summon Mana Viper              Hexes/Summoning              5
   Trog disapproves of the use of such an item.
 m - a book of Hinderance

   Spells                             Type                      Level
   a - Confusing Touch                Hexes                        2
   b - Confuse                        Hexes                        3
   c - Gell's Gravitas                Hexes/Translocation          3
   d - Petrify                        Transmutation/Earth          4
   e - Metabolic Englaciation         Hexes/Ice                    5
   Trog disapproves of the use of such an item.
 z - a book of Spatial Translocations

   Spells                             Type                      Level
   a - Apportation                    Translocation                1
   b - Blink                          Translocation                2
   c - Shroud of Golubria             Charms/Translocation         2
   d - Portal Projectile              Translocation                3
   e - Teleport Other                 Translocation                3
   f - Passage of Golubria            Translocation                4
   Trog disapproves of the use of such an item.
 D - a book of the Earth

   Spells                             Type                      Level
   a - Leda's Liquefaction            Hexes/Earth                  4
   b - Bolt of Magma                  Conjuration/Fire/Earth       5
   c - Statue Form                    Transmutation/Earth          6
   d - Iron Shot                      Conjuration/Earth            6
   e - Shatter                        Earth                        9
   Trog disapproves of the use of such an item.
Miscellaneous
 r - a phantom mirror
 E - an ornate deck of escape {drawn: 1}
Comestibles
 c - 2 bread rations
 j - 2 beef jerkies
 k - 9 fruits
 w - 2 meat rations
 B - 2 slices of pizza
 I - 6 chunks of flesh


   Skills:
 - Level 10.2 Fighting
 - Level 6.6 Axes
 * Level 11.6 Staves
 + Level 9.4 Armour
 + Level 8.8 Dodging
 - Level 4.2 Stealth
 * Level 5.6 Evocations


You had 10 spell levels left.
You didn't know any spells.

Dungeon Overview and Level Annotations

Branches:
Dungeon (10/15)            Temple (0/1) D:4            Lair (8/8) D:10
  Swamp: Lair:3-6    Shoals: Lair:3-6     Snake: Lair:3-6    Spider: Lair:3-6
  Slime: Lair:6-8       Orc: D:9-12

Altars:
Okawaru
Sif Muna
Trog
Vehumet
Xom
Yredelemnul

Annotations:
Lair:3 SNAKE
Lair:7 SLIME, exclusion: oklob plant


Innate Abilities, Weirdness & Mutations

You reflexively headbutt those who attack you in melee.
You have a pair of horns on your head.
You are partially covered in large bone plates (AC +2, SH +2).
Your mind is acute. (Int +2)


Message History

You feel very sick. Something stings you.
* * * LOW HITPOINT WARNING * * *
Unknown command.
Unknown command.
Unknown command.
Unknown command.
Drink which item? (? for menu, Esc to quit)
It was a potion of resistance.
You feel protected.
You are feeling hungry.
You feel sick.
Something stings you but does no damage.
Something barely misses you.
Unknown command.
Drink which item? (? for menu, Esc to quit)
It was a potion of might.
You feel very mighty all of a sudden.
You feel sick. Something stings you!
You die...

.. ..## .. ..#.
..#............
.#..
................
....
................
..
...............
.#
#.............
.#
##............ #
##.............
#
#.....@........
#
#.P...t>.......
#
..P.P...........
#
................
..#
..#.............
....
.#..............
....
##.............
....
#........)....
....
..............


You could see a crocodile.

Vanquished Creatures
  A frost giant (IceCv)
  A hydra (Lair:2)
  5 spiny frogs
  2 fire drakes
  A boulder beetle (Lair:7)
  9 polar bears
  19 yaks
  A hippogriff (Lair:1)
  A naga (Lair:3)
  2 porcupines
  13 wolves
  A phantom (D:10)
  4 crocodiles
  10 ice beasts
  3 ogres
  A centaur (D:8)
  6 giant frogs
  2 scorpions
  A hound (D:7)
  3 crimson imps
  3 orc priests
  4 jellies (Lair:7)
  Crazy Yiuf (D:2)
  An orc wizard (D:3)
  2 iguanas
  A worker ant (D:7)
  9 sheep
  2 adders
  10 river rats
  An adder skeleton (D:3)
  5 giant geckos
  7 orcs
  2 goblins (D:3)
  4 jackals
  2 bats (D:3)
  A rat (D:2)
141 creatures vanquished.

Notes
Turn   | Place    | Note
--------------------------------------------------------------
     0 | D:1      | 4thArraOfDagon the Minotaur Berserker began the quest for the Orb.
     0 | D:1      | Reached XP level 1. HP: 19/19 MP: 0/0
    38 | D:2      | Noticed Crazy Yiuf
    42 | D:2      | Killed Crazy Yiuf
    42 | D:2      | Reached skill level 4 in Fighting
    42 | D:2      | Reached XP level 2. HP: 28/28 MP: 1/1
    42 | D:2      | Reached XP level 3. HP: 34/34 MP: 2/2
   137 | D:3      | Found a deep blue altar of Sif Muna.
   183 | D:3      | Reached XP level 4. HP: 35/41 MP: 3/3
   185 | D:3      | Found a bloodstained altar of Trog.
   188 | D:3      | Reached skill level 5 in Fighting
   223 | D:4      | Found a staircase to the Ecumenical Temple.
   280 | D:4      | Reached skill level 5 in Axes
   280 | D:4      | Reached XP level 5. HP: 48/48 MP: 4/4
   290 | D:4      | Found a radiant altar of Vehumet.
   331 | D:5      | Entered Level 5 of the Dungeon
   437 | D:5      | Noticed an ogre
   441 | D:5      | Killed an ogre
   441 | D:5      | Reached skill level 1 in Staves
   457 | D:5      | Reached XP level 6. HP: 43/57 MP: 5/5
   463 | D:5      | Reached ** piety under Trog
   523 | D:6      | Found a basalt altar of Yredelemnul.
   554 | D:7      | Reached skill level 6 in Fighting
   555 | D:7      | Reached XP level 7. HP: 64/64 MP: 6/6
   573 | D:7      | Found an iron altar of Okawaru.
   677 | D:8      | Found a shimmering altar of Xom.
   680 | D:8      | Found a shimmering altar of Xom.
   683 | D:8      | Found a shimmering altar of Xom.
   700 | D:8      | Reached skill level 7 in Fighting
   784 | D:7      | Noticed a two-headed ogre
   790 | D:8      | Reached XP level 8. HP: 73/73 MP: 7/7
   816 | D:10     | Entered Level 10 of the Dungeon
   843 | D:10     | Reached skill level 1 in Stealth
   853 | D:10     | Gained mutation: Your mind is acute. (Int +2) [potion of beneficial mutation]
   854 | D:10     | Gained mutation: You are partially covered in large bone plates (AC +2, SH +2). [potion of beneficial mutation]
   869 | D:10     | Found a staircase to the Lair.
   871 | D:10     | Noticed a fire drake
   877 | D:10     | Killed a fire drake
   877 | D:10     | Reached skill level 5 in Staves
   877 | D:10     | Reached skill level 5 in Dodging
   909 | Lair:1   | Entered Level 1 of the Lair of Beasts
   955 | Lair:1   | Noticed a spiny frog
   965 | Lair:1   | Killed a spiny frog
   965 | Lair:1   | Reached skill level 8 in Fighting
   965 | Lair:1   | Reached skill level 5 in Armour
  1030 | Lair:1   | Reached XP level 9. HP: 50/81 MP: 8/8
  1104 | Lair:2   | Noticed an eight-headed hydra
  1128 | Lair:2   | Noticed a spiny frog
  1178 | Lair:2   | Killed a spiny frog
  1183 | Lair:2   | Killed an eight-headed hydra
  1183 | Lair:2   | Reached skill level 9 in Fighting
  1286 | Lair:2   | Noticed a komodo dragon
  1314 | Lair:3   | Reached XP level 10. HP: 91/91 MP: 9/9
  1427 | Lair:3   | You fall through a shaft!
  1616 | Lair:5   | Noticed a death yak
  1616 | Lair:5   | Noticed a death yak
  1616 | Lair:5   | Noticed a death yak
  1619 | Lair:5   | Noticed a death yak
  1620 | Lair:5   | Noticed a death yak
  1621 | Lair:5   | Noticed a death yak
  1674 | Lair:4   | Reached skill level 10 in Fighting
  1872 | Lair:6   | Reached skill level 1 in Evocations
  1919 | Lair:7   | Got a faintly glowing mace
  1954 | Lair:7   | Noticed an oklob plant
  1999 | Lair:7   | Reached skill level 10 in Staves
  2044 | Lair:7   | Found a frozen archway.
  2063 | Lair:7   | Reached XP level 11. HP: 100/100 MP: 10/12
  2092 | IceCv    | Entered an ice cave
  2238 | IceCv    | Reached *** piety under Trog
  2276 | IceCv    | Reached skill level 11 in Staves
  2347 | IceCv    | Noticed a frost giant
  2380 | IceCv    | Killed a frost giant
  2385 | IceCv    | Reached skill level 5 in Evocations
  2425 | IceCv    | :(
  2555 | Lair:8   | Entered Level 8 of the Lair of Beasts
  2573 | Lair:7   | Slain by a spiny frog

Action                   |  1- 3 |  4- 6 |  7- 9 | 10-12 || total
-------------------------+-------+-------+-------+-------++-------
Melee: Hand axe          |     1 |       |       |       ||     1
       Quarterstaff      |    10 |    40 |   110 |   232 ||   392
Invok: Berserk           |     2 |     2 |     6 |    12 ||    22
       Trog's Hand       |       |       |     7 |    12 ||    19
Evoke: Deck              |       |       |       |     1 ||     1
  Use: Scroll            |       |       |     4 |     4 ||     8
       Potion            |       |       |     3 |     8 ||    11
 Stab: Confused          |       |       |     3 |       ||     3
       Paralysed         |       |       |     2 |     1 ||     3
       Petrifying        |       |       |     1 |     1 ||     2
  Eat: Chunk             |       |     2 |    10 |    19 ||    31
